 Dungeon Crawl Stone Soup version 0.26-a0-1177-g1209ec82b9 (webtiles) character file.

Game seed: 16877612052257880198

4170 mhtbhm the Cleaver (level 10, 0/61 HPs)
             Began as a Gargoyle Fighter on Dec 24, 2020.
             Was a Believer of Okawaru.
             Slain by a two-headed ogre
             ... wielding a +0 giant spiked club
              (14 damage)
             ... on level 8 of the Dungeon.
             The game lasted 00:12:17 (7975 turns).

mhtbhm the Cleaver (Gargoyle Fighter)               Turns: 7975, Time: 00:12:18

Health: 0/61       AC: 17    Str: 25    XL:     10   Next: 28%
Magic:  10/10      EV: 11    Int: 10    God:    Okawaru [**....]
Gold:   2548       SH: 11    Dex: 15    Spells: 9/9 levels left

rFire    + . .     SeeInvis .   a - +4 war axe
rCold    + . .     Faith    .   c - +0 kite shield
rNeg     + . .     Spirit   .   b - +0 ring mail {rF+}
rPois    ∞         Reflect  .   z - +1 helmet
rElec    +         Harm     .   (no cloak)
rCorr    .         Rampage  .   k - +0 pair of gloves {Str+3}
Will     .....                  (no boots)
Stlth    +.........             r - amulet of the acrobat
HPRegen  0.20/turn              j - +6 ring of dexterity
MPRegen  0.12/turn              n - ring of protection from cold

@: no status effects
A: negative energy resistance 1, electricity resistance, unbreathing,
petrification resistance, miasma immunity, AC +7
a: Renounce Religion, Heroism


You were on level 8 of the Dungeon.
You worshipped Okawaru.
Okawaru was pleased with you.
You visited 2 branches of the dungeon, and saw 9 of its levels.
You also visited: Ossuary.

You collected 2674 gold pieces.
You spent 126 gold pieces at shops.

Inventory:

Hand Weapons
 a - a +4 war axe (weapon)
Missiles
 e - 17 poisoned darts (quivered)
Armour
 b - a +0 ring mail of fire resistance (worn)
 c - a +0 kite shield (worn)
 k - a +0 pair of gloves of strength (worn)
 z - a +1 helmet (worn)
Jewellery
 j - a +6 ring of dexterity (left hand)
 n - a ring of protection from cold (right hand)
 r - an amulet of the acrobat (around neck)
Wands
 o - a wand of polymorph (9)
Scrolls
 f - 4 scrolls of enchant weapon
 g - a scroll of blinking
 i - 6 scrolls of teleportation
 p - 2 scrolls of immolation
 w - a scroll of remove curse
 x - a scroll of identify
 y - a scroll of amnesia {unknown}
Potions
 d - a potion of might
 l - a potion of curing
 m - 5 potions of mutation {unknown}
 q - 3 potions of heal wounds {unknown}
 s - a potion of berserk rage {unknown}
 t - a potion of flight {unknown}
 u - 2 potions of haste {unknown}
 v - a potion of invisibility {unknown}


   Skills:
 + Level 6.7 Fighting
 + Level 9.6 Axes
 + Level 6.2 Armour
 + Level 3.5 Dodging
 - Level 0.5 Stealth
 + Level 7.2 Shields


You had 9 spell levels left.
You didn't know any spells.
Your spell library was empty.

Dungeon Overview and Level Annotations

Branches:
Dungeon (8/15)             Temple (1/1) D:6            Lair (0/6) D:8
Ossuary (visited)

Altars:
Ashenzari
Cheibriados
Dithmenos
Elyvilon
Fedhas
Gozag
Hepliaklqana
Kikubaaqudgha
Makhleb
Nemelex Xobeh
Okawaru
Qazlal
Ru
Sif Muna
Trog
Uskayaw
Vehumet
Wu Jian
Xom
Yredelemnul
Zin
The Shining One

Shops:
D:6 [

Annotations:
D:8 Maurice


Innate Abilities, Weirdness & Mutations

You are resistant to torment.
Your stone body is resilient. (AC +7)
You are immune to poison.
You resist negative energy. (rN+)
You are resistant to electric shocks. (rElec)
You can survive without breathing.
You are immune to petrification.
You are immune to miasma.


Message History

You hit the two-headed ogre but do no damage.
The two-headed ogre is lightly wounded.
You block the two-headed ogre's attack.
The two-headed ogre hits you with a +0 giant spiked club!!
You hit the two-headed ogre.
The two-headed ogre is lightly wounded.
The two-headed ogre hits you with a +0 giant spiked club!
You block the two-headed ogre's attack.
You hear some strange, mumbled words.
You barely miss the two-headed ogre.
The two-headed ogre is lightly wounded.
You hit the two-headed ogre.
The two-headed ogre is lightly wounded.
The two-headed ogre hits you with a +0 giant spiked club!!
* * * LOW HITPOINT WARNING * * *
The two-headed ogre barely misses you.
You hit the two-headed ogre.
The two-headed ogre is lightly wounded.
The two-headed ogre hits you with a +0 giant spiked club!
You die...

#.#.#
≈≈F≈.#.#######.#.#
≈PP≈.............#
≈≈≈≈.#.#######.###
≈≈≈..... #.#
≈..#.# #.# ♣...#
#.# ♣..{####.#.#
♣..KO@...#.#
♣.#.######.#
#..........#
#.#.######.# #.#.#
#.# # #.# ### ..#
###


You could see a two-headed ogre and a kobold.

Vanquished Creatures
  2 wyverns (D:8)
  A basilisk (D:8)
  Grum (D:8)
  4 water moccasins (D:8)
  An orc warrior (D:6)
  A black bear (D:8)
  A centaur (D:5)
  6 ogres
  8 wolves (D:8)
  Blork the orc (D:6)
  A big kobold (D:7)
  A bullfrog (D:7)
  5 scorpions
  A howler monkey (D:6)
  A bullfrog zombie (D:5)
  A centaur zombie (D:5)
  2 hounds
  6 orc priests
  3 bullfrog skeletons
  3 centaur skeletons
  A gnoll shaman (D:4)
  2 jellies
  4 orc wizards
  3 iguanas
  Natasha (thrice) (D:4)
  2 worker ants
  2 hound skeletons
  8 mummies (Ossuary)
  3 gnolls (D:4)
  5 adders
  4 shadow imps
  A white imp (D:6)
  2 ufetubi
  4 worms
  2 adder skeletons
  An adder zombie (D:5)
  3 dart slugs
  6 leopard geckos
  24 orcs
  8 giant cockroaches
  A gnoll zombie (Ossuary)
  4 goblins
  12 hobgoblins
  13 kobolds
  4 quokkas
  3 ball pythons
  11 bats
  5 frilled lizards
  A hobgoblin zombie (Ossuary)
  3 kobold zombies (Ossuary)
  3 orc zombies (Ossuary)
  7 rats
205 creatures vanquished.

Vanquished Creatures (collateral kills)
  A bullfrog (D:7)
1 creature vanquished.

Vanquished Creatures (others)
  6 fungi (D:8)
  29 plants (D:8)
35 creatures vanquished.

Grand Total: 241 creatures vanquished

Notes
Turn   | Place    | Note
-------+----------+-------------------------------------------
     0 | D:1      | mhtbhm the Gargoyle Fighter began the quest for the Orb.
     0 | D:1      | Reached XP level 1. HP: 14/14 MP: 1/1
    66 | D:1      | Reached skill level 2 in Axes
    81 | D:1      | Reached XP level 2. HP: 17/19 MP: 2/2
   472 | D:1      | Reached XP level 3. HP: 23/23 MP: 3/3
   678 | D:2      | Reached XP level 4. HP: 24/28 MP: 4/4
  1435 | D:3      | Reached skill level 3 in Axes
  1435 | D:3      | Reached XP level 5. HP: 24/33 MP: 5/5
  2296 | D:4      | Reached skill level 1 in Dodging
  2296 | D:4      | Reached XP level 6. HP: 15/38 MP: 6/6
  2304 | D:4      | Reached skill level 4 in Axes
  2616 | D:4      | Noticed Natasha
  2621 | D:4      | Killed Natasha
  2660 | D:4      | Found a glowing silver altar of Zin.
  2665 | D:4      | Noticed Natasha
  2670 | D:4      | Killed Natasha
  2681 | D:4      | Noticed Natasha
  2684 | D:4      | Reached XP level 7. HP: 42/43 MP: 7/7
  2691 | D:4      | Killed Natasha
  2883 | D:5      | Entered Level 5 of the Dungeon
  3123 | D:5      | Reached skill level 5 in Axes
  3123 | D:5      | Reached skill level 5 in Shields
  3634 | D:5      | Reached skill level 5 in Armour
  3780 | D:5      | Reached XP level 8. HP: 48/48 MP: 8/8
  4516 | D:5      | Reached skill level 6 in Axes
  4656 | D:6      | Noticed Blork the orc
  4664 | D:6      | Killed Blork the orc
  4804 | D:6      | Found Jezon's Armour Boutique.
  4808 | D:6      | Reached skill level 5 in Fighting
  5014 | D:6      | Reached skill level 7 in Axes
  5019 | D:6      | Reached XP level 9. HP: 40/54 MP: 9/9
  5035 | D:6      | Bought a +0 pair of gloves of strength for 126 gold pieces
  5476 | D:6      | Found a staircase to the Ecumenical Temple.
  5656 | Temple   | Entered the Ecumenical Temple
  5749 | Temple   | Became a worshipper of Warmaster Okawaru
  5984 | D:7      | Found a sand-covered staircase.
  5990 | Ossuary  | Entered an ossuary
  6197 | Ossuary  | Reached skill level 8 in Axes
  6308 | D:7      | Identified 2 scrolls of acquirement
  6308 | D:7      | Acquired 1119 gold pieces
  6312 | D:7      | Acquired 931 gold pieces
  7578 | D:8      | Reached * piety under Okawaru
  7657 | D:8      | Noticed Grum
  7675 | D:8      | Killed Grum
  7676 | D:8      | Reached skill level 9 in Axes
  7680 | D:8      | Reached ** piety under Okawaru
  7681 | D:8      | Reached XP level 10. HP: 33/61 MP: 10/10
  7864 | D:8      | Found a staircase to the Lair.
  7951 | D:8      | Noticed Maurice
  7954 | D:8      | Noticed a two-headed ogre
  7975 | D:8      | Slain by a two-headed ogre

Illustrated notes

Levels and vault maps discovered:
D:1:      dpeg_arrival_tiny_g, layout_basic, hex_medium,
          chequers_serial_rivers_micro_c, st_stairs_6
D:2:      layout_loops_cross
D:3:      layout_loops_ring, grunt_decor_arrowhead
D:4:      layout_basic, nicolae_overflow_crystal_walls, uniq_natasha
D:5:      layout_layer_cave
D:6:      layout_loops_ring, minmay_temple_entry_proselytizer, serial_shops,
          shop, portal_sewer_entry_b, uniq_blork_the_orc
D:7:      layout_loops_corners, lightli_ossuary_entry_decrepit_ruins
D:8:      layout_basic, minmay_lair_entry_grove, serial_bayou,
          serial_bayou_crossing, serial_bayou_shore_a, serial_bayou_pond_a,
          serial_bayou_pond_c, jmf_multi_god_temple2, uniq_maurice, uniq_grum
Temple:   kilobyte_greek_temple

Skill      XL: |  1  2  3  4  5  6  7  8  9 10 |
---------------+-------------------------------+-----
Axes           | 2 3 4 5 7 9 |  9.6
Shields        | 4 5 6 7 |  7.2
Armour         | 4 5 6 |  6.2
Dodging        | 1 2 3 |  3.5
Fighting       | 4 5 6 |  6.7
Stealth        | |  0.5

Action                   |  1- 3 |  4- 6 |  7- 9 | 10-12 || total
-------------------------+-------+-------+-------+-------++-------
Melee: War axe           |    93 |   171 |   318 |    57 ||   639
Throw: Dart              |       |       |       |     2 ||     2
  Use: Scroll            |     3 |     4 |     9 |       ||    16
       Potion            |       |     1 |     2 |       ||     3
Armor: Scale mail        |    52 |       |       |       ||    52
       Ring mail         |    16 |    82 |    85 |    16 ||   199
Dodge: Dodged            |    46 |    51 |   124 |    31 ||   252
Block: Kite shield       |    65 |   101 |   160 |    43 ||   369

Table legend: (Time is in decaauts)
 A = Elapsed time spent in this place.
 B = Non-inter-level travel time spent in this place.
 C = Inter-level travel time spent in this place.
 D = Time resting spent in this place.
 E = Time spent auto-exploring this place.
 F = Levels seen in this place.
 G = Mean time per level.
                   A        B        C        D        E       F      G
               +--------+--------+--------+--------+--------+-----+--------+
         Total |   8164 |   7829 |    335 |   1480 |   4285 |  10 |  816.4 |
       Dungeon |   7705 |   7370 |    335 |   1348 |   4052 |   8 |  963.1 |
        Temple |    136 |    136 |      0 |      0 |    121 |   1 |  136.0 |
       Ossuary |    321 |    321 |      0 |    132 |    112 |   1 |  321.0 |
               +--------+--------+--------+--------+--------+-----+--------+

Top non-repeatable levels by time:
     D:5: 1719 daAuts
     D:7: 1381 daAuts
     D:6: 1103 daAuts
     D:2: 969 daAuts
     D:3: 876 daAuts
     D:4: 708 daAuts
     D:1: 529 daAuts
     D:8: 417 daAuts
 Ossuary: 321 daAuts
  Temple: 136 daAuts
